 Dungeon Crawl Stone Soup version 0.26-a0-639-g72c4674329 (webtiles) character file.

Game seed: 13435885320710901656

6550 Borgoz the Fighter (level 11, -1/71 HPs)
             Began as a Gargoyle Berserker on Sept 19, 2020.
             Was an Elder of Trog.
             Slain by a death yak (6 damage)
             ... on level 10 of the Dungeon.
             The game lasted 00:11:07 (9033 turns).

Borgoz the Fighter (Gargoyle Berserker)             Turns: 9033, Time: 00:11:08

Health: -1/71      AC: 26    Str: 22    XL:     11   Next: 1%
Magic:  0/11       EV: 13    Int:  7    God:    Trog [****..]
Gold:   507        SH:  0    Dex: 12    Spells: 10/10 levels left

rFire    + . .     SeeInvis .   a - +0 dire flail
rCold    . . .     Faith    .   (shield currently unavailable)
rNeg     + . .     Spirit   +   u - +0 scale mail
rPois    ∞         Reflect  .   e - +0 helmet
rElec    +         Harm     .   r - +2 cloak
rCorr    .         Rampage  .   (no gloves)
MR       ++...                  q - +0 pair of boots
Stlth    ..........             p - amulet of guardian spirit
HPRegen  1.21/turn              l - +4 ring of protection
MPRegen  0.12/turn              b - ring of protection from fire

@: about to teleport, berserk cooldown, regenerating, slowed, very slow
A: negative energy resistance 1, electricity resistance, unbreathing,
petrification resistance, rot immunity, AC +8
a: Berserk, Trog's Hand, Brothers in Arms, Renounce Religion


You were on level 10 of the Dungeon.
You worshipped Trog.
Trog was greatly pleased with you.
You visited 1 branch of the dungeon, and saw 10 of its levels.

You collected 507 gold pieces.

Inventory:

Hand Weapons
 a - a +0 dire flail (weapon)
Armour
 e - a +0 helmet (worn)
 q - a +0 pair of boots (worn)
 r - a +2 cloak (worn)
 u - a +0 scale mail (worn)
Jewellery
 b - a ring of protection from fire (right hand)
 l - a +4 ring of protection (left hand)
 o - an uncursed ring of positive energy
 p - an amulet of guardian spirit (around neck)
Wands
 s - a wand of polymorph (6)
 v - a wand of flame (15)
Scrolls
 c - 11 scrolls of remove curse
 d - 4 scrolls of enchant weapon
 f - a scroll of fog {unknown}
 j - a scroll of noise {unknown}
 n - 5 scrolls of teleportation
 t - 3 scrolls of enchant armour
 y - a scroll of summoning {unknown}
Potions
 g - 6 potions of heal wounds
 h - a potion of flight
 i - a potion of mutation
 k - 6 potions of curing
 m - 7 potions of haste
 w - a potion of stabbing {unknown}


   Skills:
 + Level 9.6 Fighting
 + Level 8.8 Maces & Flails
 + Level 9.2 Armour
 + Level 7.0 Dodging


You had 10 spell levels left.
You didn't know any spells.
Your spell library was empty.

Dungeon Overview and Level Annotations

Branches:
Dungeon (10/15)            Temple (0/1) D:5
   Lair: D:8-11         Orc: D:9-12

Altars:
Cheibriados
Fedhas
Hepliaklqana
Makhleb
Nemelex Xobeh
Okawaru
Qazlal
Ru
Sif Muna
Uskayaw
Zin
The Shining One

Annotations:
D:9 3 runed translucent doors, PrinceRibbit's ghost, novice MiHu


Innate Abilities, Weirdness & Mutations

You are resistant to torment.
Your stone body is resilient. (AC +8)
You are immune to poison.
You resist negative energy. (rN+)
You are resistant to electric shocks. (rElec)
You can survive without breathing.
You are immune to petrification.
You are immune to rotting.


Message History

A rat comes into view.
You are no longer berserk.
You are exhausted.
You feel yourself slow down.
You see here a death yak corpse.
Okay, then.
Okay, then.
As you read the scroll of teleportation, it crumbles to dust.
You feel strangely unstable. The orc closely misses you.
The orc wizard casts a spell at you.
The puff of flame hits you but does no damage.
The death yak gores you.
* * * LOW HITPOINT WARNING * * *
The orc hits you but does no damage.
Your skin crawls.
You feel resistant to hostile enchantments.
The death yak gores you!
* * * LOW HITPOINT WARNING * * *
The death yak gores you.
You die...

........<......
......#......
.......#..# ....
.......<..## ...
........#..# .. .
.......###.## ##.# ..
...##.......###..##...
.. ##...##..#....... #
......##.@#...# .....
#..YYSo## ###..
##.##or.# ##
#..##))....# ...
#.r...... .#..
......... .##
......... . #.....#...
#.....##..


You could see 2 death yaks, a hell rat, an adder, 2 orcs and a rat.

Vanquished Creatures
  A death yak (D:10)
  2 hornets
  Prince Ribbit (D:5)
  2 hippogriffs
  A wyvern (D:9)
  Eustachio (D:6)
  3 soldier ants (D:5)
  A water moccasin (D:9)
  An orc warrior (D:10)
  An ice beast (D:8)
  2 black bears (D:6)
  A phantom (D:6)
  A sky beast (D:8)
  A necrophage (D:7)
  4 ogres
  3 centaurs
  A big kobold (D:5)
  5 bullfrogs
  A water moccasin skeleton (D:4)
  12 killer bees
  8 wights (D:7)
  A centaur zombie (D:7)
  A bullfrog zombie (D:9)
  A quasit (D:8)
  4 hounds
  4 orc priests
  A gnoll shaman (D:6)
  A jelly (D:9)
  6 orc wizards
  A bullfrog skeleton (D:8)
  3 iguanas
  Terence (D:2)
  Natasha (D:2)
  11 worker ants
  2 killer bee zombies
  A hound skeleton (D:5)
  A hound zombie (D:8)
  2 worker ant zombies
  8 gnolls
  7 adders
  2 shadow imps
  2 white imps
  2 oozes
  An adder skeleton (D:4)
  3 worms
  6 leopard geckos
  25 orcs
  8 giant cockroaches
  5 goblins
  3 hobgoblins
  8 kobolds
  A quokka (D:2)
  5 bats
  3 frilled lizards
  A leopard gecko zombie (D:9)
  2 quokka skeletons
  2 rats (D:3)
189 creatures vanquished.

Vanquished Creatures (collateral kills)
  2 slime creatures (D:9)
2 creatures vanquished.

Grand Total: 191 creatures vanquished

Notes
Turn   | Place    | Note
-------+----------+-------------------------------------------
     0 | D:1      | Borgoz the Gargoyle Berserker began the quest for the Orb.
     0 | D:1      | Reached XP level 1. HP: 14/14 MP: 1/1
   660 | D:1      | Reached XP level 2. HP: 19/19 MP: 2/2
   861 | D:2      | Noticed Natasha
   867 | D:2      | Killed Natasha
   867 | D:2      | Reached XP level 3. HP: 24/24 MP: 3/3
  1020 | D:2      | Noticed Terence
  1036 | D:2      | Killed Terence
  1036 | D:2      | Reached XP level 4. HP: 27/29 MP: 4/4
  1776 | D:3      | Reached XP level 5. HP: 33/33 MP: 5/5
  1932 | D:3      | Reached ** piety under Trog
  2515 | D:4      | Reached XP level 6. HP: 37/39 MP: 6/6
  2834 | D:4      | Reached skill level 5 in Fighting
  3120 | D:5      | Entered Level 5 of the Dungeon
  3135 | D:5      | Reached XP level 7. HP: 44/44 MP: 7/7
  3389 | D:5      | Reached skill level 5 in Maces & Flails
  3471 | D:5      | Found a staircase to the Ecumenical Temple.
  3660 | D:5      | Reached *** piety under Trog
  3660 | D:5      | Reached skill level 5 in Armour
  3678 | D:5      | Found a runed translucent door.
  3678 | D:5      | Noticed a soldier ant
  3679 | D:5      | Found a runed translucent door.
  3679 | D:5      | Noticed a soldier ant
  3679 | D:5      | Noticed a soldier ant
  3699 | D:5      | Reached XP level 8. HP: 51/51 MP: 8/8
  3709 | D:5      | Noticed Prince Ribbit
  3721 | D:5      | Killed Prince Ribbit
  4174 | D:5      | Found a snail-covered altar of Cheibriados.
  4174 | D:5      | Found a hazy altar of Hepliaklqana.
  4367 | D:6      | Noticed Eustachio
  4387 | D:6      | Killed Eustachio
  4786 | D:6      | Reached XP level 9. HP: 45/57 MP: 9/9
  5171 | D:6      | Reached skill level 5 in Dodging
  5412 | D:7      | Found a blossoming altar of Fedhas.
  6854 | D:8      | Noticed a hornet
  6861 | D:8      | Killed a hornet
  6869 | D:8      | Reached XP level 10. HP: 53/64 MP: 8/10
  6950 | D:8      | Reached **** piety under Trog
  7270 | D:8      | Found a stormy altar of Qazlal.
  7280 | D:8      | Found a hide-covered altar of Uskayaw.
  7280 | D:8      | Found a sacrificial altar of Ru.
  7285 | D:8      | Found a sparkling altar of Nemelex Xobeh.
  7766 | D:9      | Noticed PrinceRibbit's ghost (novice MiHu)
  8059 | D:9      | Found a runed translucent gate.
  8059 | D:9      | Found a runed translucent gate.
  8063 | D:9      | Found a runed translucent gate.
  8403 | D:9      | Found a shimmering blue altar of Sif Muna.
  8403 | D:9      | Found a glowing golden altar of the Shining One.
  8408 | D:9      | Found a burning altar of Makhleb.
  8410 | D:9      | Found a glowing silver altar of Zin.
  8412 | D:9      | Found an iron altar of Okawaru.
  8995 | D:10     | Entered Level 10 of the Dungeon
  9004 | D:10     | Noticed a death yak
  9008 | D:10     | Noticed a death yak
  9012 | D:10     | Noticed a death yak
  9024 | D:10     | Noticed a two-headed ogre
  9029 | D:10     | Killed a death yak
  9029 | D:10     | Reached XP level 11. HP: 34/71 MP: 2/11
  9033 | D:10     | Slain by a death yak

Illustrated notes

Levels and vault maps discovered:
D:1:      saegor_arrival_simple_a, layout_basic, minmay_pentomino_q2
D:2:      layout_basic, uniq_natasha, uniq_terence
D:3:      layout_rooms
D:4:      layout_loops_ring
D:5:      lemuel_insect_pit, layout_loops_ring,
          gammafunk_temple_overflow_elements, minmay_temple_entry_fiery,
          uniq_prince_ribbit1
D:6:      layout_basic, serial_glass, glass_columns_b, glass_columns_a,
          uniq_eustachio
D:7:      layout_layer_cave, fedhas_altar_1
D:8:      layout_basic, grunt_temple_overflow_open, minivault_14
D:9:      layout_loops_ring, chequers_temple_overflow_minitemple,
          gammafunk_ghost_icy
D:10:     layout_cave_pools, dpeg_lair_monsters

Skill      XL: |  1  2  3  4  5  6  7  8  9 10 |
---------------+-------------------------------+-----
Dodging        | 2 3 4 5 7 |  7.0
Armour         | 3 4 5 6 7 9 |  9.2
Fighting       | 4 5 7 8 9 |  9.6
Maces & Flails | 4 5 6 7 8 |  8.8

Action                   |  1- 3 |  4- 6 |  7- 9 | 10-12 || total
-------------------------+-------+-------+-------+-------++-------
Melee: Mace              |    43 |    30 |       |       ||    73
       Flail             |       |    31 |       |       ||    31
       Morningstar       |       |   105 |   270 |       ||   375
       Dire flail        |       |       |    98 |   270 ||   368
Invok: Berserk           |     1 |     1 |     5 |     3 ||    10
       Brothers in Arms  |       |       |       |     1 ||     1
       Trog's Hand       |       |       |       |     1 ||     1
  Use: Scroll            |       |       |    12 |     5 ||    17
       Potion            |       |       |     1 |       ||     1
Armor: Animal skin       |    17 |     1 |       |       ||    18
       Ring mail         |       |   101 |    57 |       ||   158
       Scale mail        |       |       |   319 |   192 ||   511
Dodge: Dodged            |    33 |   117 |   447 |   206 ||   803

Table legend: (Time is in decaauts)
 A = Elapsed time spent in this place.
 B = Non-inter-level travel time spent in this place.
 C = Inter-level travel time spent in this place.
 D = Time resting spent in this place.
 E = Time spent auto-exploring this place.
 F = Levels seen in this place.
 G = Mean time per level.
                   A        B        C        D        E       F      G
               +--------+--------+--------+--------+--------+-----+--------+
         Total |   9172 |   8769 |    403 |   1160 |   6039 |  10 |  917.2 |
       Dungeon |   9172 |   8769 |    403 |   1160 |   6039 |  10 |  917.2 |
               +--------+--------+--------+--------+--------+-----+--------+

Top non-repeatable levels by time:
     D:7: 1504 daAuts
     D:5: 1373 daAuts
     D:9: 1197 daAuts
     D:6: 1028 daAuts
     D:2: 999 daAuts
     D:4: 920 daAuts
     D:8: 850 daAuts
     D:1: 733 daAuts
     D:3: 535 daAuts
    D:10: 30 daAuts
